 Dungeon Crawl Stone Soup version 0.30-a0-782-ge64f9170bb (console) character file.

Game seed: 11615378155024854678

8094 jejorda2 the Impaler (level 11, -1/133 HPs)
             Began as a Merfolk Berserker on Feb 18, 2023.
             Was an Elder of Trog.
             Succumbed to an orc's poison
             ... on level 1 of the Orcish Mines.
             The game lasted 00:20:15 (9959 turns).

jejorda2 the Impaler (Merfolk Berserker)            Turns: 9959, Time: 00:20:16

Health: -1/133     AC: 18    Str: 28    XL:     11   Next: 25%
Magic:  11/11      EV: 10    Int:  6    God:    Trog [****..]
Gold:   263        SH:  0    Dex: 14    Spells: 10/10 levels left

rFire   + . .      SeeInvis .    a - +4 halberd (freeze)
rCold   . . .      Faith    +    (shield currently unavailable)
rNeg    . . .      Spirit   .    j - +0 plate armour
rPois   .          Reflect  .    t - +2 helmet
rElec   .          Harm     .    n - +0 cloak
rCorr   .          Rampage  .    (no gloves)
Will    .....                    v - +0 pair of boots Stlth
                                 K - amulet of faith
HPRegen 0.42/turn                x - +6 ring of strength
MPRegen 0.12/turn                H - ring of protection from fire

@: berserking, lethally poisoned (-1 -> -18), very quick
A: (nimble swimmer 2), mertail
a: Renounce Religion, Berserk, Trog's Hand, Brothers in Arms


You were on level 1 of the Orcish Mines.
You worshipped Trog.
Trog was greatly pleased with you.
You visited 2 branches of the dungeon, and saw 11 of its levels.
You also visited: Ossuary.

You collected 458 gold pieces.
You spent 195 gold pieces at shops.

Inventory:

Hand Weapons
 a - a +4 halberd of freezing (weapon)
 r - a +0 trident
Missiles
 e - 19 poisoned darts
 g - 49 stones (quivered)
 k - 6 boomerangs
 z - 3 javelins
 G - a curare-tipped dart
Armour
 j - a +0 plate armour (worn)
 n - a +0 cloak (worn)
 t - a +2 helmet (worn)
 v - a +0 pair of boots (worn)
 I - the +4 skin of Zhor {*Englaciate rC+++ SInv}
   (You found it on level 9 of the Dungeon)

   *Englaciate: It radiates cold, occasionally slowing all nearby creatures who
   are not resistant to cold.
   rC:        It renders you almost immune to cold.
   SInv:      It lets you see invisible.
Jewellery
 x - a +6 ring of strength (left hand)
 H - a ring of protection from fire (right hand)
 K - an amulet of faith (around neck)
Wands
 f - a wand of quicksilver (8)
 D - a wand of flame (18)
 F - a wand of digging (5)
Scrolls
 c - 3 scrolls of poison
 i - 3 scrolls of blinking
 l - 3 scrolls of immolation
 p - 5 scrolls of teleportation
 q - 2 scrolls of fear
 y - 2 scrolls of magic mapping
 E - a scroll of enchant armour
 J - a scroll of summoning
Potions
 b - a potion of lignification
 d - 4 potions of curing
 m - 2 potions of flight
 o - 3 potions of cancellation
 s - 3 potions of mutation
 u - 4 potions of haste
 w - 4 potions of might
 A - 4 potions of attraction
 B - 4 potions of invisibility
 C - 2 potions of heal wounds


   Skills:
 + Level 9.4 Fighting
 * Level 15.0 Polearms
 - Level 6.0 Throwing
 + Level 5.3 Armour
 - Level 6.0 Dodging


You had 10 spell levels left.
You didn't know any spells.
Your spell library was empty.

Dungeon Overview and Level Annotations

Branches:
Dungeon (10/15)            Temple (0/1) D:6             Orc (1/2) D:10
Ossuary (visited)
   Lair: D:8-11

Altars:
Ashenzari
Gozag
Wu Jian

Shops:
D:5 !(!!

Annotations:
D:8 1 transporter
Orc:1 Fannar


Innate Abilities, Weirdness & Mutations

((You are very nimble when in or above water. (Stealth+, EV+, Speed+++)))
Your lower body shifts to a powerful aquatic tail in water.


Message History

You puncture the yak! You freeze the yak.
The yak is heavily wounded.
You feel sick. The yak gores you but does no damage. The orc barely misses you.
You hit Fannar.
Fannar is lightly wounded.
You feel sick.
You closely miss Fannar.
Fannar is lightly wounded.
You feel sick. The yak barely misses you. Fannar barely misses you.
The orc barely misses you.
You barely miss Fannar.
Fannar is lightly wounded.
You feel sick.
You closely miss Fannar.
Fannar is lightly wounded.
You feel sick. Fannar hits you but does no damage. The yak gores you!
* * * LOW HITPOINT WARNING * * *
The orc hits you but does no damage.
You are more poisoned.
You slash Fannar!
Fannar is lightly wounded.
* * * LOW HITPOINT WARNING * * *
You feel sick.
You slash Fannar!
Fannar is moderately wounded.
* * * LOW HITPOINT WARNING * * *
You feel sick. The yak gores you!
* * * LOW HITPOINT WARNING * * *
Fannar hits you but does no damage. The orc hits you but does no damage.
You are more poisoned.
You impale Fannar!!
Fannar is heavily wounded.
* * * LOW HITPOINT WARNING * * *
You feel very sick.
You hear a shout! x2
An orc comes into view. It is wielding a +0 whip.
You hear a shout! x5
You impale Fannar!!
Fannar is almost dead.
You die...

... ..#
...## .....
......
####......
##@#......#
#oYeo...#
##.##..##
### ..# ##


You could see Fannar (strong), a yak and 2 orcs.

Vanquished Creatures
  5 rime drakes (D:9)
  A kobold demonologist (D:8)
  2 wyverns (D:8)
  6 yaks
  4 vampire mosquitoes (D:8)
  2 steam dragons
  A warg (D:10)
  An acid dragon (D:9)
  2 water moccasins
  2 sky beasts
  An ice beast (D:6)
  2 orc warriors
  A black bear (D:6)
  6 centaurs
  3 phantoms
  3 kobold brigands
  A bullfrog (D:7)
  A necrophage (D:4)
  7 water moccasin zombies (Ossuary)
  A gnoll sergeant (D:7)
  3 scorpions
  5 wights (D:6)
  7 killer bees (D:7)
  6 electric eels (D:8)
  4 howler monkeys
  4 jellies
  4 orc priests
  7 hounds
  6 iguanas
  Jessica (D:2)
  3 orc wizards
  2 mummies (Ossuary)
  Robin (D:4)
  15 gnolls
  An adder (D:2)
  A shadow imp (D:7)
  2 white imps (D:5)
  An ufetubus (D:7)
  4 adder zombies (Ossuary)
  2 worms
  4 dart slugs
  21 orcs
  7 endoplasms
  4 giant cockroaches
  5 gnoll zombies (Ossuary)
  6 hobgoblins
  A jackal (D:1)
  6 quokkas
  5 ball pythons
  5 bats
  A frilled lizard (D:1)
  16 goblins
  7 hobgoblin zombies (Ossuary)
  14 kobolds
  2 kobold zombies (Ossuary)
  5 orc zombies (Ossuary)
  2 rats
242 creatures vanquished.

Vanquished Creatures (others)
  4 plants (D:8)
4 creatures vanquished.

Grand Total: 246 creatures vanquished

Notes
Turn   | Place    | Note
-------+----------+-------------------------------------------
     0 | D:1      | jejorda2 the Merfolk Berserker began the quest for the Orb.
     0 | D:1      | Reached XP level 1. HP: 18/18 MP: 1/1
   113 | D:1      | Reached XP level 2. HP: 23/24 MP: 2/2
   478 | D:1      | Found a faded altar of an unknown god.
  1086 | D:2      | Noticed Jessica
  1098 | D:2      | Killed Jessica
  1099 | D:2      | Reached skill level 5 in Polearms
  1099 | D:2      | Reached XP level 3. HP: 14/30 MP: 3/3
  1354 | D:2      | Reached ** piety under Trog
  1382 | D:2      | Reached XP level 4. HP: 35/37 MP: 4/4
  1977 | D:3      | Reached XP level 5. HP: 34/42 MP: 5/5
  2019 | D:3      | Reached skill level 6 in Polearms
  2209 | D:3      | Found a broken altar of Ashenzari.
  2424 | D:3      | Found an opulent altar of Gozag.
  2445 | D:3      | Reached XP level 6. HP: 47/49 MP: 6/6
  2930 | D:4      | Noticed a sky beast
  2936 | D:4      | Killed a sky beast
  2937 | D:4      | Reached skill level 7 in Polearms
  2998 | D:4      | Reached skill level 5 in Dodging
  3120 | D:4      | Reached skill level 5 in Fighting
  3222 | D:4      | Noticed Robin
  3233 | D:4      | Killed Robin
  3234 | D:4      | Reached XP level 7. HP: 51/56 MP: 7/7
  3375 | D:4      | Reached skill level 8 in Polearms
  3375 | D:4      | Reached skill level 1 in Throwing
  3437 | D:4      | Reached *** piety under Trog
  3774 | D:5      | Entered Level 5 of the Dungeon
  3774 | D:5      | Found Kyddas's Distillery.
  3782 | D:5      | Bought 2 potions of heal wounds for 120 gold pieces
  3816 | D:5      | Found Udextit's Antique Weapon Boutique.
  3842 | D:5      | Found a sand-covered staircase.
  3854 | Ossuary  | Entered an ossuary
  3921 | Ossuary  | Reached XP level 8. HP: 49/63 MP: 8/8
  3932 | Ossuary  | Reached skill level 9 in Polearms
  4530 | D:5      | Found Gusm's Distillery.
  4554 | D:5      | Bought a potion of might for 60 gold pieces
  4554 | D:5      | Bought a potion of degeneration for 15 gold pieces
  4598 | D:5      | Found Xoeh Wal's Distillery.
  4781 | D:5      | Reached skill level 10 in Polearms
  5190 | D:6      | Found a staircase to the Ecumenical Temple.
  5233 | D:6      | Reached **** piety under Trog
  5479 | D:6      | Reached XP level 9. HP: 71/71 MP: 9/9
  5946 | D:6      | Reached skill level 11 in Polearms
  6406 | D:7      | Reached skill level 12 in Polearms
  6601 | D:7      | Reached skill level 5 in Throwing
  6649 | D:7      | Found an ornate altar of the Wu Jian Council.
  6748 | D:7      | Reached XP level 10. HP: 80/80 MP: 10/10
  7343 | D:8      | Found a transporter.
  7346 | D:8      | Found a transporter.
  7485 | D:8      | Reached skill level 13 in Polearms
  7495 | D:8      | Noticed a kobold demonologist
  7510 | D:8      | Killed a kobold demonologist
  8348 | D:8      | Found a transporter.
  8349 | D:8      | Found a transporter.
  9128 | D:9      | Reached skill level 14 in Polearms
  9300 | D:9      | Reached skill level 5 in Armour
  9300 | D:9      | Reached XP level 11. HP: 57/89 MP: 11/11
  9303 | D:9      | Found the +4 skin of Zhor {*Englaciate rC+++ SInv}
  9832 | D:10     | Entered Level 10 of the Dungeon
  9925 | D:10     | Reached skill level 15 in Polearms
  9933 | D:10     | Found a staircase to the Orcish Mines.
  9933 | D:10     | Noticed Fannar
  9945 | Orc:1    | Entered Level 1 of the Orcish Mines
  9957 | Orc:1    | HP: 4/133 [yak (8)]
  9958 | Orc:1    | HP: 1/133 [poisoned by an orc]
  9959 | Orc:1    | Succumbed to an orc's poison

Illustrated notes

Levels and vault maps discovered:
D:1:      dpeg_arrival_brainrot, layout_basic,
          shapermc_ecumenical_altar_hornbeckon, dk_noncrumbling_2
D:2:      kennysheep_six_static_rooms, layout_rooms, uniq_jessica
D:3:      layout_rooms, overflow_temple_1_default, lemuel_tele_altar,
          minmay_fractal_squares_diagonal_5
D:4:      layout_loops_ring, nicolae_overflow_hidden_temple, uniq_robin
D:5:      layout_basic, enter_ossuary_1, serial_shops, shop,
          nicolae_shop_advertising_works [nicolae_subvault_shop_adworks],
          nicolae_shop_statue_plus, nicolae_square_shop
D:6:      layout_basic, minmay_temple_entry_poolview
D:7:      layout_basic, mainiacjoe_overflow_24_doors,
          minmay_fractal_squares_gapless_5
D:8:      cheibrodos_two_vegetables, layout_layer_cave,
          nicolae_transporter_circle
D:9:      layout_roguey, hellmonk_guarded_unrand_zhor
D:10:     layout_basic, dk_xom_monty_hall, erik_orc_4, uniq_fannar, uniq_maurice
Orc:1:    layout_caves

Skill      XL: |  1  2  3  4  5  6  7  8  9 10 11 |
---------------+----------------------------------+-----
Dodging        | 3 4 5 6 |  6.0
Polearms       | 5 6 7 8 10 12 14 15 | 15.0
Fighting       | 4 5 6 7 9 |  9.4
Throwing       | 2 3 5 6 |  6.0
Armour         | 2 3 5 |  5.3

Action                     |  1- 3 |  4- 6 |  7- 9 | 10-12 || total
---------------------------+-------+-------+-------+-------++-------
  Melee: Spear             |    88 |   149 |       |       ||   237
         Punch             |     1 |     3 |     2 |       ||     6
         Trident           |       |    61 |   394 |       ||   455
         Halberd           |       |       |    95 |   163 ||   258
         Tailslap          |       |       |       |     4 ||     4
  Throw: Dart              |       |     2 |       |       ||     2
         Stone             |       |     1 |    16 |     9 ||    26
 Invoke: Berserk           |       |     3 |     3 |     3 ||     9
         Trog's Hand       |       |     1 |     1 |       ||     2
  Evoke: Wand              |       |       |       |     5 ||     5
    Use: Scroll            |       |       |    20 |     4 ||    24
         Potion            |       |       |       |     1 ||     1
   Stab: Sleeping          |     1 |       |       |       ||     1
 Armour: Animal skin       |     4 |       |       |       ||     4
         Ring mail         |    12 |    41 |    64 |       ||   117
         Plate armour      |       |       |    70 |    85 ||   155
  Dodge: Dodged            |    34 |    86 |   183 |    80 ||   383

Table legend: (Time is in decaauts)
 A = Elapsed time spent in this place.
 B = Non-inter-level travel time spent in this place.
 C = Inter-level travel time spent in this place.
 D = Time resting spent in this place.
 E = Time spent auto-exploring this place.
 F = Levels seen in this place.
 G = Mean time per level.
                   A        B        C        D        E       F      G
               +--------+--------+--------+--------+--------+-----+--------+
         Total |   9850 |   9447 |    403 |    962 |   6777 |  12 |  820.8 |
       Dungeon |   9466 |   9063 |    403 |    897 |   6627 |  10 |  946.6 |
  Orcish Mines |      8 |      8 |      0 |      0 |      0 |   1 |    8.0 |
       Ossuary |    375 |    375 |      0 |     65 |    150 |   1 |  375.0 |
               +--------+--------+--------+--------+--------+-----+--------+

Top non-repeatable levels by time:
     D:8: 2123 daAuts
     D:1: 1036 daAuts
     D:3: 979 daAuts
     D:5: 955 daAuts
     D:6: 893 daAuts
     D:4: 882 daAuts
     D:7: 882 daAuts
     D:2: 853 daAuts
     D:9: 753 daAuts
 Ossuary: 375 daAuts
    D:10: 105 daAuts
   Orc:1: 8 daAuts
